 Dungeon Crawl Stone Soup version 0.28.0-53-g5a82cb258f (webtiles) character file.

Game seed: 2940238695823846397

4 cbfl8 the Skirmisher (level 1, -1/30 HPs)
             Began as a Minotaur Berserker on July 25, 2022.
             Was a Follower of Trog.
             Slain by Sigmund
             ... wielding a +0 scythe
              (12 damage)
             ... on level 2 of the Dungeon.
             The game lasted 00:00:45 (248 turns).

cbfl8 the Skirmisher (Minotaur Berserker)            Turns: 248, Time: 00:00:45

Health: -1/30      AC:  2    Str: 21    XL:     1   Next: 50%
Magic:  0/0        EV: 12    Int:  4    God:    Trog [*.....]
Gold:   38         SH:  0    Dex:  9    Spells: 0/0 levels left

rFire   . . .      SeeInvis .   a - +0 hand axe
rCold   . . .      Faith    .   (no shield)
rNeg    . . .      Spirit   .   b - +0 animal skin
rPois   .          Reflect  .   (helmet restricted)
rElec   .          Harm     .   (no cloak)
rCorr   .          Rampage  .   (no gloves)
Will    .....                   (no boots)
Stlth   ..........              (no amulet)
HPRegen 0.10/turn               (no ring)
MPRegen 0.07/turn               (no ring)

@: confused, berserking (expiring), very quick
A: horns 2, retaliatory headbutt
a: Renounce Religion, Berserk


You were on level 2 of the Dungeon.
You worshipped Trog.
Trog was aware of your devotion.
You visited 1 branch of the dungeon, and saw 2 of its levels.

You collected 38 gold pieces.

Inventory:

Hand Weapons
 a - a +0 hand axe (weapon)
Armour
 b - a +0 animal skin (worn)
Scrolls
 c - a scroll of identify {unknown}


   Skills:
 + Level 3.9 Fighting
 + Level 3.6 Axes
 + Level 2.4 Armour
 + Level 2.2 Dodging


You couldn't memorise any spells.
You didn't know any spells.
Your spell library was empty.

Dungeon Overview and Level Annotations

Branches:
Dungeon (2/15)

Altars:

Annotations:
D:1 1 runed translucent door
D:2 Sigmund


Innate Abilities, Weirdness & Mutations

You have a pair of horns on your head.
You reflexively headbutt those who attack you in melee.


Message History

Trog accepts your kill.
HP restored.
Key pressed, stopping explore.
No target in view!
No target in view!
You open the door.
There is an open door here.
There is an open door here.
There is an escape hatch in the floor here.
You now have 38 gold pieces (gained 9).
Found a buckler.
Sigmund the Dreaded comes into view.
He is wielding a +0 scythe.
Sigmund is nearby!
Sigmund laughs darkly.
Sigmund mumbles some strange words.
Sigmund flickers and vanishes!
Deactivating autopickup; reactivate with Ctrl-A.
There is a strange disturbance nearby!
No target in view!
There is a strange disturbance nearby!
You enter the shallow water.
Moving in this stuff is going to be slow.
A red film seems to cover your vision as you go berserk!
You feel yourself moving faster!
You feel mighty!
You hear some strange, mumbled words.
A puff of flame appears from out of thin air!
The puff of flame hits you.
You feel a strong urge to attack something.
You are engulfed in a cloud of scalding steam.
You hear some strange, mumbled words.
You are confused.
You completely miss something.
You are engulfed in a cloud of scalding steam.
The plant is engulfed in a cloud of scalding steam.
The plant begins to die.
Something barely misses you.
You are engulfed in a cloud of scalding steam.
Unknown command.
You feel a strong urge to attack something.
Something hits you!
You die...

####### ##.......
####........
#...........
#......♣≈...
#P....[≈≈♣..
#...{≈≈≈$.....
#.@.≈≈≈≈≈....+
#.P≈≈≈≈≈≈≈...+#####
#.≈≈≈≈≈≈≈≈≈≈.......
#.≈≈≈≈≈≈≈≈≈≈.......
#..≈≈≈≈≈≈≈≈P.......
#..≈≈≈≈≈≈..P.......
#.P...≈≈♣..........
#...P....P..P......
##.#########.......


There were no monsters in sight!

Vanquished Creatures
  An endoplasm (D:2)
  A quokka (D:1)
  A frilled lizard (D:2)
  A rat (D:2)
4 creatures vanquished.

Notes
Turn   | Place    | Note
-------+----------+-------------------------------------------
     0 | D:1      | cbfl8 the Minotaur Berserker began the quest for the Orb.
     0 | D:1      | Reached XP level 1. HP: 19/19 MP: 0/0
     1 | D:1      | Found a runed translucent door.
    76 | D:1      | You fall into a shaft and drop 1 floor!
   238 | D:2      | Noticed Sigmund
   248 | D:2      | Slain by Sigmund

Illustrated notes

Levels and vault maps discovered:
D:1:      dpeg_arrival_caged_fury, layout_rooms, serial_shops,
          nicolae_shop_crystal, dreamdust_ecumenical_altar_hidden_monk_grotto
D:2:      layout_basic, guppyfry_early_lair_pool, uniq_sigmund

Action                   || total
-------------------------++-------
Melee: Hand axe          ||     8
       Headbutt          ||     1
Invok: Berserk           ||     1
Dodge: Dodged            ||     3
